 Dungeon Sprint DCSS version 0.28.0-53-g5a82cb258f (webtiles) character file.

Game seed: 8585263931499285879

307 Zeld the Thaumaturge (level 6, -6/32 HPs)
             Began as a Deep Elf Conjurer on May 29, 2022.
             Was a Believer of Sif Muna.
             Mangled by a wandering mushroom (17 damage)
             ... in the Dungeon (Sprint IV: "Fedhas' Mad Dash").
             The game lasted 00:02:28 (1564 turns).

Zeld the Thaumaturge (Deep Elf Conjurer)            Turns: 1564, Time: 00:02:28

Health: -6/32      AC:  2    Str:  4    XL:     6   Next: 16%
Magic:  17/23      EV: 12    Int: 25    God:    Sif Muna [**....]
Gold:   13         SH:  0    Dex: 13    Spells: 15/29 levels left

rFire   . . .      SeeInvis .   (no weapon)
rCold   . . .      Faith    .   (no shield)
rNeg    . . .      Spirit   .   a - +0 robe
rPois   .          Reflect  .   (no helmet)
rElec   .          Harm     .   (no cloak)
rCorr   .          Rampage  .   (no gloves)
Will    .....      NoTele   +   (no boots)
Stlth   +.........              h - amulet of invisibility {+Inv}
HPRegen 0.10/turn               (no ring)
MPRegen 0.18/turn               (no ring)

@: confused, very slightly contaminated, invisible (expiring)
A: no striking features
a: Renounce Religion, Evoke Invisibility, Channel Magic


You were in the Dungeon.
You worshipped Sif Muna.
Sif Muna was pleased with you.
You visited 1 branch You collected 88 gold pieces.
You spent 75 gold pieces at shops.

Inventory:

Armour
 a - a +0 robe (worn)
Jewellery
 h - the amulet of invisibility (around neck) {+Inv}
   (You found it in the Dungeon)

   [amulet of nothing]

   +Inv:      It lets you turn invisible.
Scrolls
 g - a scroll of blinking
 i - a scroll of silence {unknown}
 j - a scroll of fear
 k - 2 scrolls of identify
Potions
 b - a potion of curing
 c - a potion of heal wounds
 d - a potion of haste
 e - 2 potions of magic
 f - a potion of berserk rage


   Skills:
 + Level 2.4 Dodging
 + Level 2.4 Stealth
 * Level 12.1 Spellcasting
 * Level 10.7 Conjurations
 - Level 2.0 Hexes
 - Level 2.0 Translocations
 * Level 0.0 Invocations


You had 15 spell levels left.
You knew the following spells:

 Your Spells              Type           Power      Damage    Failure   Level
a - Magic Dart            Conj           100%       1d8       1%          1
b - Searing Ray           Conj           100%       2d8       1%          2
c - Fulminant Prism       Conj/Hex       23%        3d13      3%          4
d - Iskenderun's Mystic   Conj/Tloc      46%        2d10      3%          4
z - Dazzling Flash        Conj/Hex       92%        N/A       1%          3

Your spell library contained the following spells:

 Spells                   Type           Power      Damage    Failure   Level


Dungeon Overview and Level Annotations

Branches:
Dungeon (1/1)

Altars:
Cheibriados
Dithmenos
Elyvilon
Gozag
Hepliaklqana
Kikubaaqudgha
Makhleb
Nemelex Xobeh
Okawaru
Qazlal
Ru
Sif Muna
Trog
Uskayaw
Vehumet
Wu Jian
Xom
Yredelemnul
Zin
The Shining One
Beogh
Jiyva
Lugonu

Shops:
D ??*


Message History

The wandering mushroom releases spores at you!
You are engulfed in a cloud of spores!
Casting: Fulminant Prism (quite dangerous; 3% risk of failure)
Confirm with . or Enter, or press ? or * to list all spells.
Aiming: Searing Ray (safe; 1% risk of failure)
Press: ? - help, Shift-Dir - straight line The searing ray hits the wandering mushroom!
The wandering mushroom is lightly damaged.
The searing ray hits the wandering mushroom!
The wandering mushroom is moderately damaged. (Press . to maintain the ray.)
The wandering mushroom releases spores at you!
You are engulfed in a cloud of spores!
You are confused.
Your fulminant prism crackles loudly.
The wandering mushroom releases spores at you.
You are engulfed in a cloud of spores!
Your fulminant prism explodes!
The blast of energy engulfs the burning bush.
The burning bush is lightly damaged.
The blast of energy engulfs the wandering mushroom!!
The wandering mushroom is severely damaged.
The wandering mushroom barely misses you.
You bump into the stone wall.
The wandering mushroom releases spores at you.
You are engulfed in a cloud of spores!
You are more confused.
A scorpion comes into view.
You bump into the stone wall.
The wandering mushroom barely misses you.
You flicker for a moment.
There is an entrance to Ahos's Magic Scroll Shop here.
There is an entrance to Jien's Magic Scroll Emporium here.
You bump into the stone wall.
The wandering mushroom completely misses you.
You're too confused to move!
The wandering mushroom misses you.
You barely miss the wandering mushroom.
The wandering mushroom is lightly damaged.
The wandering mushroom releases spores at you!
Ouch! That really hurt!
You die... ################### # ._._._._.⌠.#..'...# .##∩ _._._._._..'.)#)..# fP'.)

._._._._...#..###'##.((#
_._._._._..#..##@fs'...#
._._._._.⌠.#############
############


You could see a wandering mushroom and a scorpion (wandering).

Vanquished Creatures
  2 scorpions (D)
  4 oklob saplings (D)
  2 spriggans (D)
  A river rat (D)
  A rat (D)
10 creatures vanquished.

Vanquished Creatures (others)
  4 fulminant prisms (D)
4 creatures vanquished.

Grand Total: 14 creatures vanquished

Notes
Turn   | Place    | Note
-------+----------+-------------------------------------------
     0 | D        | Zeld the Deep Elf Conjurer began the quest for the Orb.
     0 | D        | Reached XP level 1. HP: 10/10 MP: 6/6
    15 | D        | Reached skill level 4 in Spellcasting
    15 | D        | Reached skill level 5 in Conjurations
    15 | D        | Reached XP level 2. HP: 5/15 MP: 0/9
    21 | D        | Learned a level 2 spell: Searing Ray
   222 | D        | Noticed a scorpion
   227 | D        | Killed a scorpion
   228 | D        | Reached skill level 7 in Spellcasting
   228 | D        | Reached XP level 3. HP: 4/19 MP: 2/14
   228 | D        | Reached XP level 4. HP: 6/24 MP: 2/15
   232 | D        | Learned a level 3 spell: Dazzling Flash
   237 | D        | Learned a level 4 spell: Fulminant Prism
   242 | D        | Learned a level 4 spell: Iskenderun's Mystic Blast
   554 | D        | Reached skill level 8 in Spellcasting
   554 | D        | Reached skill level 1 in Hexes
   554 | D        | Reached skill level 1 in Translocations
   657 | D        | Found the amulet of invisibility {+Inv}
  1004 | D        | Found an opulent altar of Gozag.
  1004 | D        | Found a hazy altar of Hepliaklqana.
  1004 | D        | Found a burning altar of Makhleb.
  1004 | D        | Found a sparkling altar of Nemelex Xobeh.
  1004 | D        | Found a snail-covered altar of Cheibriados.
  1004 | D        | Found a sacrificial altar of Ru.
  1004 | D        | Found a shimmering blue altar of Sif Muna.
  1004 | D        | Found a shimmering altar of Xom.
  1004 | D        | Found a basalt altar of Yredelemnul.
  1006 | D        | Found a viscous altar of Jiyva.
  1006 | D        | Found a bloodstained altar of Trog.
  1006 | D        | Found an ornate altar of the Wu Jian Council.
  1147 | D        | Found an iron altar of Okawaru.
  1147 | D        | Found a glowing silver altar of Zin.
  1147 | D        | Found a shadowy altar of Dithmenos.
  1148 | D        | Found a hide-covered altar of Uskayaw.
  1148 | D        | Found an ancient bone altar of Kikubaaqudgha.
  1149 | D        | Found a stormy altar of Qazlal.
  1149 | D        | Found a glowing golden altar of the Shining One.
  1149 | D        | Found a white marble altar of Elyvilon.
  1150 | D        | Found a radiant altar of Vehumet.
  1150 | D        | Found a corrupted altar of Lugonu.
  1152 | D        | Became a worshipper of Sif Muna the Loreminder
  1159 | D        | Reached skill level 9 in Spellcasting
  1159 | D        | Reached XP level 5. HP: 28/28 MP: 8/19
  1239 | D        | Reached skill level 10 in Spellcasting
  1302 | D        | Reached * piety under Sif Muna
  1309 | D        | Reached skill level 11 in Spellcasting
  1310 | D        | Reached skill level 10 in Conjurations
  1310 | D        | Reached XP level 6. HP: 28/32 MP: 4/22
  1372 | D        | Reached ** piety under Sif Muna
  1373 | D        | Reached skill level 12 in Spellcasting
  1533 | D        | Found Ahos's Magic Scroll Shop.
  1536 | D        | Found Jien's Magic Scroll Emporium.
  1537 | D        | Noticed a wandering mushroom
  1538 | D        | Noticed a burning bush
  1539 | D        | Found Ellynohu's General Store.
  1543 | D        | Bought a scroll of fear for 35 gold pieces
  1543 | D        | Bought a scroll of identify for 20 gold pieces
  1543 | D        | Bought a scroll of identify for 20 gold pieces
  1553 | D        | Noticed a wandering mushroom
  1564 | D        | Mangled by a wandering mushroom

Illustrated notes

Levels and vault maps discovered:
D:        dungeon_sprint_fedhas [sprint_temple]

Skill      XL: |  1  2  3  4  5  6 |
---------------+-------------------+-----
Spellcasting   | 4 7 9 11 12 | 12.1
Conjurations   | 5 7 8 10 | 10.7
Hexes          | 2 |  2.0
Translocations | 2 |  2.0
Dodging        | |  2.4
Stealth        | |  2.4

Action                   |  1- 3 |  4- 6 || total
-------------------------+-------+-------++-------
Melee: Unarmed           |     5 |     1 ||     6
 Cast: Magic Dart        |     7 |       ||     7
       Searing Ray       |     2 |     4 ||     6
       Fulminant Prism   |       |     4 ||     4
       Iskenderun's Myst |       |     3 ||     3
 Abil: Evoke Invisibilit |       |     4 ||     4
Dodge: Dodged            |     3 |     4 ||     7
